 Dungeon Crawl Stone Soup version 0.22.0-13-g43fe8f24b8 (webtiles) character file.

6523 EngieLux the Cleaver (level 10, -11/135 HPs)
             Began as a Purple Draconian Berserker on Aug 16, 2018.
             Was a High Priest of Trog.
             Mangled by a manticore (12 damage)
             ... on level 10 of the Dungeon.
             The game lasted 00:36:16 (10694 turns).

EngieLux the Cleaver (Purple Draconian Berserker)  Turns: 10694, Time: 00:36:17

Health: -11/135    AC:  7    Str: 29    XL:     10   Next: 69%
Magic:  10/10      EV: 15    Int:  7    God:    Trog [*****.]
Gold:   567        SH:  0    Dex: 10    Spells: 9/9 levels left

rFire    x . .     SeeInvis .   f - +0 battleaxe
rCold    + + .     Gourm    .   (shield currently unavailable)
rNeg     . . .     Faith    .   (armour unavailable)
rPois    .         Spirit   .   (helmet restricted)
rElec    .         Reflect  .   (no cloak)
rCorr    .         Harm     .   (no gloves)
MR       +....                  (no boots)
Stlth    ..........             (no amulet)
HPRegen  0.32/turn              m - ring of ice
MPRegen  0.12/turn              j - +4 ring of slaying

@: berserking, very quick
A: breathe power, unfitting armour, cold resistance 1, cold-blooded, MP-powered
wands, AC +7
a: Breathe Dispelling Energy, Berserk, Trog's Hand, Brothers in Arms, Renounce
Religion


You were on level 10 of the Dungeon.
You worshipped Trog.
Trog was extremely pleased with you.
You were very hungry.

You visited 1 branch of the dungeon, and saw 10 of its levels.

You collected 567 gold pieces.

Inventory:

Hand Weapons
 a - a +1 hand axe
 f - a +0 battleaxe (weapon)
Jewellery
 b - a +4 ring of intelligence
 j - a +4 ring of slaying (right hand)
 m - a ring of ice (left hand)
 r - an uncursed ring of magical power
Wands
 o - a wand of enslavement (29)
 p - a wand of digging (8)
Scrolls
 c - a scroll of identify
 g - 5 scrolls of teleportation
 h - a scroll of remove curse
Potions
 d - a potion of berserk rage
 e - 2 potions of curing
 i - 2 potions of heal wounds
 k - 2 potions of agility
 l - a potion of magic
Comestibles
 n - a ration


   Skills:
 + Level 8.8 Fighting
 + Level 11.5 Axes
 + Level 7.0 Dodging
 + Level 5.8 Stealth


You had 9 spell levels left.
You didn't know any spells.
Your spell library was empty.

Dungeon Overview and Level Annotations

Branches:
Dungeon (10/15)            Temple (0/1) D:7
   Lair: D:8-11         Orc: D:9-12

Altars:
Dithmenos
Elyvilon
Kikubaaqudgha
Okawaru
Wu Jian
The Shining One


Innate Abilities, Weirdness & Mutations

You can breathe bolts of dispelling energy.
Your rich purple scales are hard. (AC +7)
You cannot fit into any form of body armour.
You are cold-blooded and may be slowed by cold attacks.
Your flesh is cold resistant. (rC+)
You expend magic power (3 MP) to strengthen your wands.


Message History

The polar bear closely misses you. The polar bear claws you.
* * * LOW HITPOINT WARNING * * *
The polar bear claws you but does no damage.
The polar bear barely misses you.
The polar bear claws you but does no damage. x2
You closely miss the polar bear.
The polar bear is almost dead.
The polar bear bites you!
* * * LOW HITPOINT WARNING * * *
The polar bear claws you but does no damage.
The polar bear claws you.
* * * LOW HITPOINT WARNING * * *
You slice the polar bear!!
You kill the polar bear!
Trog accepts your kill.
You barely miss the manticore. The manticore barely misses you.
The manticore claws you!
* * * LOW HITPOINT WARNING * * *
The manticore claws you!
You die...

#........
#......$
##...... '.....
#.... ... #'#
#H# #@## #..#
##.#
..######.#######
................
..######.#######
#....# ####.#
#.#


You could see a manticore.

Vanquished Creatures
  A two-headed ogre (D:9)
  Prince Ribbit (D:6)
  Grinder (D:4)
  A polar bear (shapeshifter) (D:10)
  2 wyverns (D:9)
  10 yaks
  3 hungry ghosts
  A phantom (D:9)
  An orc warrior (D:8)
  A sky beast (D:8)
  3 ogres
  5 centaurs
  A big kobold (D:9)
  5 bullfrogs
  4 scorpions
  11 wights
  A howler monkey (D:8)
  A crimson imp (D:7)
  A bullfrog zombie (D:7)
  A jelly (D:7)
  A hound (D:9)
  6 orc wizards
  A centaur skeleton (D:8)
  4 orc priests
  A bullfrog skeleton (D:5)
  3 iguanas
  Ijyb (D:4)
  7 worker ants
  A killer bee zombie (D:5)
  A hound zombie (D:6)
  A worker ant zombie (D:5)
  7 gnolls
  15 adders
  A shadow imp (D:5)
  An adder zombie (D:7)
  An adder skeleton (D:9)
  4 worms
  2 dart slugs
  9 leopard geckos
  47 orcs
  7 bats
  4 giant cockroaches
  10 goblins
  7 hobgoblins
  10 jackals
  A quokka (D:9)
  2 ball pythons
  6 frilled lizards
  10 kobolds
  A quokka skeleton (D:5)
  3 rats
230 creatures vanquished.

Vanquished Creatures (others)
  4 plants (D:10)
4 creatures vanquished.

Grand Total: 234 creatures vanquished

Notes
Turn   | Place    | Note
-------+----------+-------------------------------------------
     0 | D:1      | EngieLux the Draconian Berserker began the quest for the Orb.
     0 | D:1      | Reached XP level 1. HP: 19/19 MP: 1/1
    58 | D:1      | Reached XP level 2. HP: 15/26 MP: 2/2
   797 | D:1      | Reached XP level 3. HP: 33/33 MP: 3/3
  1220 | D:2      | Reached ** piety under Trog
  1414 | D:2      | Reached XP level 4. HP: 33/40 MP: 4/4
  1419 | D:2      | Reached skill level 4 in Axes
  1996 | D:2      | Gained mutation: You expend magic power (3 MP) to strengthen your wands. [potion of mutation]
  1996 | D:2      | Gained mutation: Your flesh is cold resistant. (rC+) [potion of mutation]
  2200 | D:3      | Found an ornate altar of the Wu Jian Council.
  2471 | D:3      | Reached skill level 1 in Stealth
  2581 | D:3      | Reached XP level 5. HP: 46/46 MP: 5/5
  2874 | D:3      | Reached *** piety under Trog
  3346 | D:4      | Noticed Ijyb
  3409 | D:4      | Killed Ijyb
  3460 | D:4      | Reached skill level 5 in Axes
  3460 | D:4      | Reached XP level 6. HP: 53/53 MP: 6/6
  3726 | D:4      | Noticed Grinder
  3736 | D:4      | Paralysed by Grinder for 7 turns
  3746 | D:4      | Killed Grinder
  3746 | D:4      | Your scales start taking on a rich purple colour.
  3746 | D:4      | Reached XP level 7. HP: 25/60 MP: 7/7
  3969 | D:4      | Reached skill level 6 in Axes
  4060 | D:4      | Reached skill level 5 in Fighting
  4705 | D:5      | Entered Level 5 of the Dungeon
  5744 | D:5      | Reached XP level 8. HP: 21/69 MP: 8/8
  6044 | D:5      | Reached skill level 7 in Axes
  6305 | D:5      | Reached skill level 5 in Dodging
  6577 | D:6      | Reached **** piety under Trog
  6786 | D:6      | Noticed Prince Ribbit
  6801 | D:6      | Killed Prince Ribbit
  6801 | D:6      | Reached skill level 8 in Axes
  7477 | D:6      | Reached XP level 9. HP: 61/78 MP: 9/9
  7883 | D:7      | Found a staircase to the Ecumenical Temple.
  8028 | D:7      | Reached skill level 9 in Axes
  8796 | D:8      | Reached skill level 5 in Stealth
  9190 | D:8      | Reached ***** piety under Trog
  9350 | D:9      | Reached skill level 10 in Axes
  9447 | D:8      | Reached XP level 10. HP: 51/88 MP: 10/10
  9686 | D:9      | Noticed a two-headed ogre
  9702 | D:9      | Killed a two-headed ogre
  9937 | D:9      | Found an ancient bone altar of Kikubaaqudgha.
 10187 | D:9      | Found a glowing golden altar of the Shining One.
 10191 | D:9      | Found a white marble altar of Elyvilon.
 10191 | D:9      | Found an iron altar of Okawaru.
 10202 | D:9      | Found a shadowy altar of Dithmenos.
 10329 | D:9      | Reached skill level 11 in Axes
 10441 | D:10     | Entered Level 10 of the Dungeon
 10687 | D:10     | Noticed a manticore
 10694 | D:10     | HP: 1/135 [manticore (11)]
 10694 | D:10     | Mangled by a manticore

Skill      XL: |  1  2  3  4  5  6  7  8  9 10 |
---------------+-------------------------------+-----
Dodging        | 3 4 5 6 7 |  7.0
Fighting       | 4 5 6 7 8 |  8.8
Axes           | 4 5 6 8 10 11 | 11.5
Stealth        | 1 2 3 5 |  5.8

Action                   |  1- 3 |  4- 6 |  7- 9 | 10-12 || total
-------------------------+-------+-------+-------+-------++-------
Melee: Hand axe          |   115 |   186 |   436 |       ||   737
       Tailslap          |     8 |    27 |    73 |    12 ||   120
       Battleaxe         |       |       |    14 |    79 ||    93
Invok: Berserk           |     2 |     6 |     8 |     4 ||    20
 Abil: Breathe Dispellin |       |       |     3 |       ||     3
  Use: Scroll            |       |     7 |     9 |       ||    16
       Potion            |       |     6 |     4 |       ||    10
 Stab: Sleeping          |     2 |     2 |    11 |     2 ||    17
  Eat: Ration            |     1 |     3 |     5 |     2 ||    11
       Chunk             |       |     3 |    16 |       ||    19
Armor: Skin              |    40 |    46 |    61 |    20 ||   167
Dodge: Dodged            |    74 |   109 |   223 |    67 ||   473
